AoeStats
← flynorc

Nomad

507292791Analyzed
2v2 RM · 15d ago on Sep 17, 2026· 46m 8s· 4 players
Game mode
Random Map
Map size
176×176
Population
200
Speed
Normal
Resources
Standard
Victory
Conquest
Starting age
Dark Age
Ending age
Imperial Age
RankedLock teamsTeams togetherTeam positionsShared explorationLock speedFull tech treeHidden civsTurbo modeCheats
Victory
Defeat
🇨🇳 Malay · China
1566
+13
🇨🇳 Ethiopians · China
1560
+13
🇺🇸 Chinese · United States
1518
-14
🇦🇹 Italians · Austria
1465
-12
DSlatts242
2:43 Loom
13:41 Feudal Age
17:35 Castle Age
16:03 Double-Bit Axe
17:50 Scale Barding Armor
19:22 Chain Barding Armor
23:08 Fishing Lines
24:07 Bloodlines
25:56 Horse Collar
27:53 Bow Saw
31:48 Forging
31:46 Husbandry
37:47 Iron Casting
37:49 Wheelbarrow
39:31 Medium Warships
40:22 Fletching
43:55 Imperial Age
41:41 Hand Cart
41:24 Guard Tower
42:42 Gold Mining
42:44 Stone Mining
44:09 Ballistics
44:00 Cavalier
45:47 Plate Barding Armor
flynorc
11:10 Loom
14:49 Feudal Age
15:42 Fishing Lines
15:51 Double-Bit Axe
18:56 Castle Age
18:38 Fletching
21:25 Medium Warships
21:48 Forging
24:28 Bodkin Arrow
25:11 Bow Saw
33:56 Imperial Age
39:38 Masonry
Player86688262
8:11 Loom
15:55 Feudal Age
16:04 Double-Bit Axe
19:31 Castle Age
17:32 Gold Mining
17:53 Fishing Lines
19:20 Bow Saw
19:51 Medium Warships
20:54 Gillnets
23:37 Forging
25:41 Iron Casting
30:01 Imperial Age
29:07 Ballistics
29:52 Fletching
29:32 Crossbowman
31:40 Bodkin Arrow
33:14 Chemistry
33:52 Bracer
35:39 Padded Archer Armor
36:30 Wheelbarrow
35:40 Town Watch
36:36 Thumb Ring
37:40 Gold Shaft Mining
36:55 Arbalester
39:03 Leather Archer Armor
41:12 Conscription
42:14 Hand Cart
44:58 Masonry
44:29 Treadmill Crane
45:43 Ring Archer Armor
mongo
5:01 Loom
13:19 Feudal Age
16:47 Castle Age
15:28 Fletching
17:05 Double-Bit Axe
16:53 Crossbowman
17:45 Bodkin Arrow
22:59 Horse Collar
25:50 Ballistics
26:42 Padded Archer Armor
29:14 Wheelbarrow
40:17 Hand Cart
44:14 Imperial Age
42:04 Bow Saw
42:54 Stone Mining
44:46 Squires
44:51 Scale Mail Armor
45:25 Forging
44:45 Elite Shotel Warrior
45:49 Conscription
45:48 Chain Mail Armor
45:06 Elite Shotel Warrior
Connection lost

Rejoining the realm…

Still unreachable

The connection could not be restored.

Session expired

The server has moved on; the page needs a fresh start.